 Dungeon Crawl Stone Soup version 0.23.1-37-gaa34b87b72 (webtiles) character file.

Game seed: 10444991150332727926

3035 PentaManta the Quickloader (level 10, -5/64 HPs)
             Began as a Kobold Hunter on Mar 22, 2019.
             Was a Believer of Okawaru.
             Killed from afar by an orc wizard (12 damage)
             ... with a puff of frost
             ... on level 8 of the Dungeon.
             The game lasted 00:30:53 (9721 turns).

PentaManta the Quickloader (Kobold Hunter)          Turns: 9721, Time: 00:30:53

Health: -5/64      AC:  6    Str: 10    XL:     10   Next: 11%
Magic:  10/10      EV: 20    Int: 13    God:    Okawaru [**....]
Gold:   731        SH:  4    Dex: 18    Spells: 9/9 levels left

rFire    . . .     SeeInvis .   l - +2 short sword (speed)
rCold    . . .     Gourm    .   (shield restricted)
rNeg     + . .     Faith    .   c - +0 leather armour
rPois    +         Spirit   .   (no helmet)
rElec    .         Reflect  +   (no cloak)
rCorr    .         Harm     .   w - +1 pair of gloves
MR       .....                  y - +0 pair of boots
Stlth    ++........             j - +4 amulet of reflection
HPRegen  0.20/turn              t - ring of poison resistance
MPRegen  0.12/turn              v - ring of positive energy

@: no status effects
A: small, carnivore
a: Heroism, Renounce Religion


You were on level 8 of the Dungeon.
You worshipped Okawaru.
Okawaru was pleased with you.
You were not hungry.

You visited 2 branches of the dungeon, and saw 9 of its levels.
You also visited: Ossuary.

You collected 731 gold pieces.

Inventory:

Hand Weapons
 a - a +2 hand crossbow
 l - a +2 short sword of speed (weapon)
Armour
 c - a +0 leather armour (worn)
 w - a +1 pair of gloves (worn)
 y - a +0 pair of boots (worn)
Jewellery
 j - a +4 amulet of reflection (around neck)
 t - a ring of poison resistance (left hand)
 v - a ring of positive energy (right hand)
 D - a +3 amulet of reflection
Wands
 d - a wand of enslavement (11)
 i - a wand of iceblast (2)
Scrolls
 n - a scroll of enchant armour
 q - 2 scrolls of identify
 r - a scroll of enchant weapon
 s - 3 scrolls of amnesia
 x - a scroll of torment {unknown}
 B - 2 scrolls of vulnerability {unknown}
 C - 2 scrolls of fog
Potions
 b - 2 potions of magic
 e - 4 potions of curing
 g - 2 potions of flight {unknown}
 h - a potion of lignification
 k - 2 potions of ambrosia
 m - 2 potions of might {unknown}
 u - 2 potions of haste {unknown}
 z - 4 potions of brilliance
 A - a potion of resistance {unknown}
Comestibles
 f - 6 rations


   Skills:
 + Level 7.6 Fighting
 * Level 12.0 Crossbows
 + Level 8.3 Dodging
 - Level 1.3 Stealth


You had 9 spell levels left.
You didn't know any spells.
Your spell library contained the following spells:

 Spells                   Type           Power        Failure   Level  Hunger
 Animate Skeleton         Necr           N/A          38%         1    ##.....
 Apportation              Tloc           #.....       38%         1    ##.....
 Confusing Touch          Hex            #.....       38%         1    ##.....
 Summon Small Mammal      Summ           #...         38%         1    ##.....


Dungeon Overview and Level Annotations

Branches:
Dungeon (8/15)             Temple (1/1) D:5            Lair (0/6) D:8

Altars:
Ashenzari
Cheibriados
Dithmenos
Elyvilon
Fedhas
Gozag
Hepliaklqana
Makhleb
Nemelex Xobeh
Okawaru
Qazlal
Sif Muna
Trog
Uskayaw
Vehumet
Wu Jian
Yredelemnul
Zin
The Shining One

Shops:
D:5 (

Annotations:
D:5 2 runed translucent doors, exclusion: statue, tensugalgo's ghost, novice DrSk
D:7 2 transporters, rumpelstilzz's ghost, novice TrAM
D:8 Joseph


Innate Abilities, Weirdness & Mutations

You are small and have problems with some larger weapons.
You are carnivorous and can eat meat at any time.


Message History

The orc wizard misses you.
You feel sick. You block the orc wizard's attack.
Press: ? - help, . - travel You can't see that place. [the floor.]
The orc wizard points at you and mumbles some strange words.
The puff of flame misses you.
You feel sick. The orc wizard barely misses you.
The orc priest calls down the wrath of Beogh upon you.
Beogh smites you!
* * * LOW HITPOINT WARNING * * *
Joseph says, "It's nothing personal."
You block the orc wizard's attack.
You feel sick.
You are no longer poisoned.
The orc wizard closely misses you. The orc wizard closely misses you.
The orc wizard points at you and mumbles some strange words.
The puff of frost hits you!
You die...

##...####.####.... #..###
#.# ..##....Y
##.#######o#### .#.....
#.........@...# ###.......
##.####....o##....%.......#
#.)# #..#..# ##........o#
##.# ##....# #.......# ###
##...#######.......o
#...o.@...........o
##.###..<........## ###
#.## ###.........# #.# ##.#
##..........#
#.###..#####............
###.##..##...#.#####.....
#.........####.# #....
##...#..### .[. ....
######.## ....


You could see an orc wizard.

Vanquished Creatures
  Prince Ribbit (D:7)
  Edmund (D:6)
  3 phantoms
  An eye of draining (D:5)
  2 centaurs (D:7)
  4 ogres
  2 big kobolds (D:7)
  2 bullfrogs (D:6)
  4 scorpions
  3 killer bees (D:8)
  4 howler monkeys
  3 crimson imps
  A jelly (D:6)
  2 bullfrog skeletons
  An orc priest (D:7)
  A centaur skeleton (D:6)
  3 hounds
  2 orc wizards
  Ijyb (D:5)
  An iguana (D:5)
  6 worker ants
  A big kobold zombie (Ossuary)
  8 mummies (Ossuary)
  2 hound skeletons
  A worker ant zombie (D:6)
  5 adders
  2 shadow imps
  An adder skeleton (D:7)
  2 worms
  A dart slug (D:3)
  4 leopard geckos
  11 orcs
  A ball python (D:3)
  7 giant cockroaches
  A gnoll zombie (Ossuary)
  14 goblins
  3 hobgoblins
  16 jackals
  2 quokkas
  8 bats
  6 frilled lizards
  3 hobgoblin zombies (Ossuary)
  14 kobolds
  A kobold zombie (Ossuary)
  A leopard gecko skeleton (D:5)
  2 orc zombies (Ossuary)
  A quokka skeleton (D:4)
  A quokka zombie (D:6)
  5 rats
172 creatures vanquished.

Vanquished Creatures (collateral kills)
  3 killer bees (D:8)
  An orc wizard (D:8)
4 creatures vanquished.

Grand Total: 176 creatures vanquished

Notes
Turn   | Place    | Note
-------+----------+-------------------------------------------
     0 | D:1      | PentaManta the Kobold Hunter began the quest for the Orb.
     0 | D:1      | Reached XP level 1. HP: 12/12 MP: 1/1
    49 | D:1      | Reached skill level 5 in Crossbows
    54 | D:1      | Reached XP level 2. HP: 18/18 MP: 2/2
   329 | D:1      | Reached XP level 3. HP: 22/22 MP: 3/3
   398 | D:1      | Found a sparkling altar of Nemelex Xobeh.
  1116 | D:2      | Found a sparkling altar of Nemelex Xobeh.
  1141 | D:2      | Reached XP level 4. HP: 27/27 MP: 4/4
  1829 | D:3      | Found a shadowy altar of Dithmenos.
  1841 | D:3      | Reached skill level 6 in Crossbows
  1928 | D:3      | Found a shattered altar of Ashenzari.
  2256 | D:3      | Found a burning altar of Makhleb.
  2268 | D:3      | Reached XP level 5. HP: 23/32 MP: 5/5
  2848 | D:4      | Reached XP level 6. HP: 38/38 MP: 6/6
  2866 | D:4      | Found a bloodstained altar of Trog.
  3077 | D:4      | Noticed an ogre
  3082 | D:4      | Killed an ogre
  3082 | D:4      | Reached skill level 7 in Crossbows
  3320 | D:5      | Entered Level 5 of the Dungeon
  3341 | D:5      | Reached XP level 7. HP: 29/43 MP: 7/7
  3771 | D:5      | Noticed Ijyb
  3871 | D:5      | Reached skill level 8 in Crossbows
  4052 | D:5      | Killed Ijyb
  4052 | D:5      | Reached skill level 5 in Dodging
  4075 | D:5      | Found a radiant altar of Vehumet.
  4104 | D:5      | Found a runed translucent door.
  4107 | D:5      | Noticed tensugalgo's ghost (novice DrSk)
  4113 | D:5      | Found an ornate altar of the Wu Jian Council.
  4141 | D:5      | Found a runed translucent door.
  4298 | D:5      | Found Sagasiysch's Antique Weapon Emporium.
  4323 | D:5      | Found a glowing golden altar of the Shining One.
  4327 | D:5      | Found a glowing silver altar of Zin.
  4433 | D:5      | Found a staircase to the Ecumenical Temple.
  4533 | D:6      | Reached XP level 8. HP: 48/48 MP: 8/8
  4589 | D:6      | Reached skill level 5 in Fighting
  4814 | D:6      | Reached skill level 9 in Crossbows
  4860 | D:6      | Noticed Edmund
  4952 | D:6      | Killed Edmund
  5904 | Temple   | Entered the Ecumenical Temple
  5964 | Temple   | Became a worshipper of Warmaster Okawaru
  6145 | D:7      | Reached skill level 10 in Crossbows
  6203 | D:7      | Reached XP level 9. HP: 31/55 MP: 9/9
  6399 | D:6      | Reached * piety under Okawaru
  6472 | D:7      | Found a sand-covered staircase.
  6477 | Ossuary  | Entered an ossuary
  7829 | D:7      | Reached skill level 11 in Crossbows
  8191 | D:7      | Noticed Prince Ribbit
  8323 | D:7      | Killed Prince Ribbit
  8332 | D:7      | Found a transporter.
  8337 | D:7      | Noticed rumpelstilzz's ghost (novice TrAM)
  8339 | D:7      | Found a transporter.
  8904 | D:8      | Reached ** piety under Okawaru
  8920 | D:8      | Found a staircase to the Lair.
  9381 | D:8      | Reached XP level 10. HP: 33/63 MP: 10/10
  9466 | D:8      | Reached skill level 12 in Crossbows
  9673 | D:8      | Noticed Joseph
  9721 | D:8      | Killed from afar by an orc wizard

Skill      XL: |  1  2  3  4  5  6  7  8  9 10 |
---------------+-------------------------------+-----
Crossbows      | 5 6 7 8 10 11 12 | 12.0
Dodging        | 3 4 5 6 8 |  8.3
Fighting       | 3 4 6 7 |  7.6
Stealth        | |  1.3

Action                   |  1- 3 |  4- 6 |  7- 9 | 10-12 || total
-------------------------+-------+-------+-------+-------++-------
Melee: Short sword       |    24 |   187 |   783 |    44 ||  1038
       Punch             |       |       |     1 |       ||     1
 Fire: Hand crossbow     |    65 |    31 |    50 |       ||   146
Invok: Heroism           |       |       |     1 |       ||     1
Evoke: Wand              |       |       |     4 |     5 ||     9
  Use: Scroll            |       |    13 |     4 |       ||    17
       Potion            |       |       |     9 |     1 ||    10
 Stab: Sleeping          |       |     2 |     2 |       ||     4
  Eat: Chunk             |       |    11 |    10 |       ||    21
       Ration            |       |       |     3 |     1 ||     4
Armor: Scale mail        |    10 |    27 |       |       ||    37
       Leather armour    |       |     9 |    57 |     7 ||    73
       Skin              |       |       |     1 |       ||     1
Dodge: Dodged            |    15 |    92 |   465 |    64 ||   636
Block: Other             |     4 |    34 |    96 |     8 ||   142
       Reflection        |       |     1 |     5 |       ||     6
